 Dungeon Crawl Stone Soup version 0.30-a0-800-g7c544603b3 (webtiles) character file.

Game seed: 13017603468849628248

804 Newt the Trooper (level 7, -8/56 HPs)
             Began as a Demonspawn Gladiator on Feb 21, 2023.
             Was a Priest of Jiyva.
             Mangled by an ogre
             ... wielding a +0 giant club
              (19 damage)
             ... on level 6 of the Dungeon.
             The game lasted 00:04:07 (5694 turns).

Newt the Trooper (Demonspawn Gladiator)             Turns: 5694, Time: 00:04:08

Health: -8/56      AC:  5    Str: 16    XL:     7   Next: 60%
Magic:  7/7        EV: 13    Int:  9    God:    Jiyva [***...]
Gold:   85         SH:  0    Dex: 21    Spells: 6/6 levels left

rFire   . . .      SeeInvis .    e - +0 flail (heavy)
rCold   . . .      Faith    .    (no shield)
rNeg    . . .      Spirit   .    b - +0 leather armour
rPois   .          Reflect  .    c - +0 helmet
rElec   .          Harm     .    (no cloak)
rCorr   +          Rampage  .    (no gloves)
Will    .....                    l - +0 pair of boots
Stlth   +                        (no amulet)
HPRegen 3.01/turn                n - +6 ring of dexterity
MPRegen 0.45/turn                (no ring)

@: confused
A: hooves 2, demonic guardian 1, powered by death 1, regeneration 2, acidic
bite, jelly sensing items
a: Renounce Religion, Oozemancy


You were on level 6 of the Dungeon.
You worshipped Jiyva.
Jiyva was most pleased with you.
You visited 1 branch of the dungeon, and saw 6 of its levels.

You collected 145 gold pieces.
You spent 60 gold pieces at shops.

Inventory:

Hand Weapons
 a - a +0 rapier
 e - a +0 heavy flail (weapon)
Missiles
 d - a throwing net (quivered)
 h - 11 poisoned darts
Armour
 b - a +0 leather armour (worn)
 c - a +0 helmet (worn)
 l - a +0 pair of boots (worn)
Jewellery
 n - a +6 ring of dexterity (left hand)
Scrolls
 i - 2 scrolls of identify
Potions
 f - 3 potions of curing
 j - a potion of attraction
 k - 2 potions of brilliance
 m - a potion of might


   Skills:
 - Level 5.0 Fighting
 - Level 3.3 Short Blades
 - Level 5.0 Maces & Flails
 - Level 1.7 Throwing
 + Level 3.2 Armour
 - Level 2.6 Dodging


You had 6 spell levels left.
You didn't know any spells.
Your spell library contained the following spells:

 Spells                   Type           Power      Damage    Failure   Level
 Apportation              Tloc           0%         N/A       43%         1
 Alistair's Intoxication  Tmut/Pois      0%         N/A       100%        5


Dungeon Overview and Level Annotations

Branches:
Dungeon (6/15)             Temple (0/1) D:4

Altars:
Uskayaw
Jiyva

Shops:
D:1 ??   D:4 [??(


Innate Abilities, Weirdness & Mutations

You have hoof-like feet.
A weak demonic guardian rushes to your aid.
You regenerate a little health from kills.
You heal very quickly.
You have acidic saliva.
You have a small jelly attached to you that senses nearby items.


Message History

The orc closely misses you. The iguana closely misses you. Something hits you.
Your shadow imp hits the orc priest.
You strike the helpless orc priest from behind!
You sock the orc priest!
You kill the orc priest!
You hear some strange, mumbled words.
You are confused.
The ogre hits you with a +0 giant club!!
The iguana bites you!
* * * LOW HITPOINT WARNING * * *
The orc misses you.
Your shadow imp hits the iguana.
The iguana barely misses you. Something barely misses you.
The orc closely misses you.
Your Armour skill increases to level 3!
You are too injured to fight recklessly!
You are too injured to fight recklessly!
You are too injured to fight recklessly!
You are too injured to fight recklessly!
You are too injured to fight recklessly!
You are too injured to fight recklessly!
You are too injured to fight recklessly!
You are too injured to fight recklessly!
You are too injured to fight recklessly!
You are too injured to fight recklessly!
You are too injured to fight recklessly!
You are too injured to fight recklessly!
You are too injured to fight recklessly!
Unknown command.
You barely miss the iguana. You bite the iguana, but do no damage.
The iguana is lightly wounded.
The ogre barely misses you.
Your shadow imp gestures at the iguana.
The iguana writhes in agony.
Something hits you but does no damage. The iguana closely misses you.
The orc barely misses you.
Your shadow imp hits the iguana but does no damage.
The orc hits you but does no damage. Something hits you.
* * * LOW HITPOINT WARNING * * *
A demonic guardian appears!
The ogre hits you with a +0 giant club!!
You die...

#.# ....# #.# ...# #.#
...# #.### ..#+###
....###########.....#
....................#
....###########.....##
..........#...#.Oo...#.#
..###...#.#.#.#.@{.....#
### #...#.#.#.#.l)......
# #####.#.#.#.5.5..... #
#######.#.#.#.##...... #
#...........#.# ###...
#......##.###.# ...
#......##.# #. ..
#......##.# #.
#......##.#


You could see an ogre, an iguana (ally target), an orc, a friendly white imp
(summoned) and a friendly shadow imp (summoned).

Vanquished Creatures
  2 black bears (D:5)
  A necrophage (D:4)
  A bullfrog (D:6)
  A scorpion (D:4)
  An orc priest (D:6)
  A gnoll bouda (D:3)
  An iguana (D:5)
  2 orc wizards (D:6)
  6 adders
  7 gnolls
  A shadow imp (D:6)
  2 white imps
  A worm (D:4)
  2 dart slugs
  7 orcs
  3 bats (D:1)
  2 endoplasms
  9 goblins
  10 hobgoblins
  4 quokkas
  8 ball pythons
  2 frilled lizards (D:3)
  7 kobolds
  2 rats (D:3)
83 creatures vanquished.

Vanquished Creatures (collateral kills)
  A scorpion (D:5)
  A gnoll (D:4)
  An ufetubus (D:4)
  2 orcs
  A hobgoblin (D:4)
6 creatures vanquished.

Vanquished Creatures (others)
  2 black bears
  2 scorpions (D:5)
  A howler monkey (D:5)
  5 jellies
  2 hounds (D:5)
  2 orc priests
  2 iguanas
  4 gnolls (D:4)
  4 adders (D:4)
  3 dart slugs
  An endoplasm (D:4)
  10 orcs
  A ball python (D:4)
  A hobgoblin (D:4)
40 creatures vanquished.

Grand Total: 129 creatures vanquished

Notes
Turn   | Place    | Note
-------+----------+-------------------------------------------
     0 | D:1      | Newt the Demonspawn Gladiator began the quest for the Orb.
     0 | D:1      | Reached XP level 1. HP: 16/16 MP: 1/1
   291 | D:1      | Found Nuzayrph's Magic Scroll Shop.
   318 | D:1      | Bought a scroll of identify for 20 gold pieces
   486 | D:1      | Gained mutation: A weak demonic guardian rushes to your
                  | aid. [demonic ancestry]
   486 | D:1      | Reached XP level 2. HP: 7/23 MP: 2/2
   774 | D:1      | Found The Oracle's Delphic Readings.
  1375 | D:2      | Gained mutation: You have large cloven feet. [demonic
                  | ancestry]
  1375 | D:2      | Reached XP level 3. HP: 9/29 MP: 3/3
  2082 | D:3      | Gained mutation: You regenerate a little health from kills.
                  | [demonic ancestry]
  2082 | D:3      | Reached XP level 4. HP: 38/38 MP: 4/4
  2424 | D:3      | Found a hide-covered altar of Uskayaw.
  2775 | D:3      | Found a faded altar of an unknown god.
  3084 | D:3      | Prayed at the altar of an unknown god.
  3084 | D:3      | Became a worshipper of Jiyva Jiuguk the Shapeless
  3084 | D:3      | Reached * piety under Jiyva
  3108 | D:4      | Found Xaraq's Magic Scroll Emporium.
  3111 | D:4      | Bought 2 scrolls of identify for 40 gold pieces
  3179 | D:3      | Reached skill level 5 in Fighting
  3191 | D:3      | Reached XP level 5. HP: 15/44 MP: 5/5
  3317 | D:4      | Reached skill level 1 in Maces & Flails
  3354 | D:4      | Found Exol's Armour Shop.
  3906 | D:4      | Found a staircase to the Ecumenical Temple.
  3938 | D:4      | Gained mutation: You have hoof-like feet. [demonic
                  | ancestry]
  3938 | D:4      | Reached XP level 6. HP: 44/51 MP: 6/6
  3960 | D:4      | Found Caqah's Weapon Emporium.
  4003 | D:4      | Reached ** piety under Jiyva
  4061 | D:4      | Found Icsip's Magic Scroll Shop.
  4068 | D:4      | Found Zohiopp's Antique Weapon Shop.
  4661 | D:5      | Entered Level 5 of the Dungeon
  4730 | D:5      | Reached XP level 7. HP: 26/56 MP: 7/7
  5129 | D:5      | Reached *** piety under Jiyva
  5256 | D:5      | Gained mutation: You have a small jelly attached to you
                  | that senses nearby items. [Jiyva's grace]
  5256 | D:5      | Gained mutation: You have acidic saliva. [Jiyva's grace]
  5256 | D:5      | Gained mutation: Your natural rate of healing is unusually
                  | fast. [Jiyva's grace]
  5256 | D:5      | Gained mutation: You heal very quickly. [Jiyva's grace]
  5368 | D:5      | Reached skill level 5 in Maces & Flails
  5368 | D:5      | Reached skill level 1 in Armour
  5694 | D:6      | Mangled by an ogre

Illustrated notes

Levels and vault maps discovered:
D:1:      dpeg_arrival_rooms_a, layout_loops_ring, serial_shops,
          nicolae_shop_statue_plus, nicolae_nh_oracle_at_delphi
D:2:      layout_loops_ring
D:3:      layout_basic, mainiacjoe_overflow_cross_hatched,
          nicolae_ecumenical_lake_church, chequers_jeans,
          kennysheep_generic_room_6
D:4:      layout_layer_cave, minmay_temple_entry_statues_fountains,
          serial_shops, nicolae_shop_statue_plus, nicolae_shop_crystal,
          nicolae_stop_n_shop_1, shop, nicolae_shop_stone,
          minmay_fractal_squares_5
D:5:      layout_basic, zin_statuary
D:6:      layout_basic, ebering_ghost_sewer_d

Skill      XL: |  1  2  3  4  5  6  7 |
---------------+----------------------+-----
Fighting       | 3 4 5 |  5.0
Short Blades   | 3 |  3.3
Maces & Flails | 3 4 5 |  5.0
Armour         | 3 |  3.2
Throwing       | |  1.7
Dodging        | |  2.6

Action                     |  1- 3 |  4- 6 |  7- 9 || total
---------------------------+-------+-------+-------++-------
  Melee: Rapier            |   127 |   100 |       ||   227
         Punch             |     2 |     2 |       ||     4
         Kick              |     1 |       |       ||     1
         Flail             |       |    78 |    28 ||   106
         Bite              |       |       |     5 ||     5
  Throw: Dart              |       |     1 |       ||     1
         Javelin           |       |     1 |       ||     1
         Throwing net      |       |     2 |       ||     2
    Use: Scroll            |       |     6 |       ||     6
         Potion            |       |     1 |       ||     1
   Stab: Distracted        |       |       |     1 ||     1
 Armour: Leather armour    |    42 |    78 |    15 ||   135
  Dodge: Dodged            |    94 |   214 |    42 ||   350

Table legend: (Time is in decaauts)
 A = Elapsed time spent in this place.
 B = Non-inter-level travel time spent in this place.
 C = Inter-level travel time spent in this place.
 D = Time resting spent in this place.
 E = Time spent auto-exploring this place.
 F = Levels seen in this place.
 G = Mean time per level.
                   A        B        C        D        E       F      G
               +--------+--------+--------+--------+--------+-----+--------+
         Total |   5803 |   5559 |    244 |   1127 |   3672 |   6 |  967.2 |
       Dungeon |   5803 |   5559 |    244 |   1127 |   3672 |   6 |  967.2 |
               +--------+--------+--------+--------+--------+-----+--------+

Top non-repeatable levels by time:
     D:4: 1529 daAuts
     D:3: 1221 daAuts
     D:1: 1163 daAuts
     D:5: 894 daAuts
     D:2: 828 daAuts
     D:6: 164 daAuts
